AoeStats
← GracefulPickle

Oasis

509796546Analyzed
3v3 RM · 3d ago on Sep 28, 2026· 49m 27s· 6 players
Game mode
Random Map
Map size
Normal (6 player)
Population
200
Speed
Normal
Resources
Standard
Victory
Conquest
Starting age
Dark Age
Ending age
Imperial Age
RankedLock teamsTeams togetherTeam positionsShared explorationLock speedFull tech treeHidden civsTurbo modeCheats
Victory
Defeat
🇺🇸 Byzantines · United States
1407
+10
🇺🇸 Teutons · United States
1379
+11
🇺🇸 Ethiopians · United States
1299
+14
🇲🇽 Maya · Mexico
1284
-12
🇲🇽 Ethiopians · Mexico
1277
-12
1246
-11
SkippyBonDingle
2:25 Loom
11:29 Feudal Age
17:21 Castle Age
18:03 Double-Bit Axe
19:21 Bow Saw
20:18 Wheelbarrow
25:56 Scale Barding Armor
27:36 Hand Cart
28:56 Chain Barding Armor
28:33 Horse Collar
30:58 Heavy Plow
34:19 Imperial Age
34:51 Gold Mining
35:31 Conscription
36:17 Plate Barding Armor
37:23 Cavalier
38:37 Forging
40:50 Hoardings
40:43 Husbandry
42:14 Paladin
44:33 Iron Casting
47:13 Gold Shaft Mining
LiquidGoat
5:19 Loom
11:20 Feudal Age
15:04 Castle Age
13:54 Padded Archer Armor
14:11 Double-Bit Axe
14:20 Gold Mining
15:15 Fletching
15:45 Crossbowman
27:35 Bodkin Arrow
28:51 Leather Archer Armor
29:18 Horse Collar
31:38 Gold Shaft Mining
31:24 Thumb Ring
37:26 Imperial Age
35:32 Wheelbarrow
34:43 Town Watch
35:06 Stone Mining
37:23 Ballistics
37:29 Arbalester
39:05 Bracer
41:20 Ring Archer Armor
41:44 Conscription
42:50 Chemistry
45:30 Torsion Engines
47:26 Hand Cart
47:23 Bow Saw
47:14 Heavy Plow
GracefulPickle
4:25 Loom
12:21 Feudal Age
16:40 Castle Age
19:03 Scale Mail Armor
19:14 Forging
19:01 Horse Collar
19:14 Double-Bit Axe
21:52 Heavy Plow
23:56 Gold Mining
26:31 Chain Mail Armor
27:27 Squires
29:03 Fletching
33:28 Wheelbarrow
32:38 Town Watch
33:26 Arson
33:26 Gambesons
38:03 Imperial Age
35:57 Bodkin Arrow
36:03 Padded Archer Armor
36:38 Iron Casting
37:57 Leather Archer Armor
39:48 Conscription
40:05 Crossbowman
40:06 Elite Skirmisher
41:30 Ring Archer Armor
41:30 Plate Mail Armor
42:01 Blast Furnace
44:17 Chemistry
45:28 Scale Barding Armor
45:16 Stone Mining
46:27 Bloodlines
47:24 Hoardings
48:28 Bow Saw
48:09 Elite Teutonic Knight
49:44 Crenellations
50:21 Stone Shaft Mining
[COBRA] EsauxD
7:02 Loom
10:24 Feudal Age
15:01 Padded Archer Armor
14:52 Fletching
14:55 Double-Bit Axe
15:02 Gold Mining
15:04 Horse Collar
22:06 Castle Age
22:59 Wheelbarrow
23:14 Bow Saw
22:26 Crossbowman
23:04 Bodkin Arrow
23:25 Leather Archer Armor
25:58 Ballistics
28:56 Gold Shaft Mining
33:11 Thumb Ring
41:04 Stone Mining
48:27 Imperial Age
50:24 Chemistry
[COBRA]HECTTOR
0:25 Loom
11:13 Feudal Age
11:17 Man-at-Arms
12:34 Double-Bit Axe
13:45 Horse Collar
14:54 Fletching
16:41 Padded Archer Armor
22:34 Castle Age
23:42 Bodkin Arrow
24:21 Bow Saw
25:10 Leather Archer Armor
25:32 Elite Skirmisher
26:34 Town Watch
27:43 Thumb Ring
28:31 Town Patrol
29:46 Crossbowman
31:27 Ballistics
31:42 Gold Mining
36:30 Wheelbarrow
41:03 Hand Cart
46:16 Imperial Age
44:30 Heavy Plow
47:02 Bracer
48:07 Chemistry
46:33 Arbalester
[COBRA] Nelson Damianco
6:48 Loom
9:25 Feudal Age
10:16 Double-Bit Axe
12:31 Horse Collar
19:27 Castle Age
17:50 Gold Mining
18:50 Wheelbarrow
18:58 Forging
19:59 Scale Barding Armor
20:22 Bloodlines
25:08 Chain Barding Armor
26:11 Iron Casting
28:54 Bow Saw
28:59 Husbandry
32:02 Hand Cart
35:35 Gold Shaft Mining
40:19 Imperial Age
39:35 Light Cavalry
42:07 Two-Man Saw
41:50 Plate Barding Armor
42:17 Blast Furnace
41:33 Heavy Plow
41:58 Hussar
43:33 Crop Rotation
43:53 Conscription
43:51 Elite Steppe Lancer
46:34 Scale Mail Armor
Connection lost

Rejoining the realm…

Still unreachable

The connection could not be restored.

Session expired

The server has moved on; the page needs a fresh start.